AoeStats
← Tonir

MegaRandom

509659458Analyzed
3v3 RM · 6d ago on Sep 27, 2026· 72m 12s· 6 players
Game mode
Random Map
Map size
Normal (6 player)
Population
200
Speed
Normal
Resources
Standard
Victory
Conquest
Starting age
Dark Age
Ending age
Imperial Age
RankedLock teamsTeams togetherTeam positionsShared explorationLock speedFull tech treeHidden civsTurbo modeCheats
Victory
Defeat
🇪🇸 Georgians · Spain
891
+13
🇪🇸 Spanish · Spain
811
+18
🇪🇸 Ethiopians · Spain
776
+17
🇺🇸 Danes · United States
824
-16
🇺🇸 Lithuanians · United States
823
-16
🇺🇸 Romans · United States
790
-14
Axmanderson
7:40 Loom
11:46 Feudal Age
12:14 Double-Bit Axe
23:33 Castle Age
41:03 Husbandry
41:14 Bloodlines
41:02 Gold Mining
41:26 Bow Saw
40:58 Horse Collar
42:36 Scale Barding Armor
42:43 Forging
53:02 Chain Barding Armor
53:18 Iron Casting
57:14 Imperial Age
57:15 Cavalier
59:00 Light Cavalry
60:13 Conscription
63:01 Plate Barding Armor
61:50 Winged Hussar
jtm4518
3:16 Loom
11:52 Feudal Age
12:26 Double-Bit Axe
12:25 Horse Collar
12:39 Gold Mining
14:21 Man-at-Arms
17:54 Scale Mail Armor
17:51 Fletching
19:42 Wheelbarrow
22:18 Castle Age
20:16 Arson
25:13 Squires
24:59 Gambesons
27:05 Bow Saw
36:09 Stone Mining
36:24 Heavy Plow
40:37 Pikeman
42:08 Hand Cart
43:22 Bodkin Arrow
50:37 Imperial Age
49:31 Padded Archer Armor
49:45 Forging
49:51 Chain Mail Armor
50:36 Gold Shaft Mining
54:29 Onager
55:05 Elite Skirmisher
56:53 Bracer
56:54 Padded Archer Armor
56:56 Bracer
Sherry8487
9:32 Loom
11:43 Feudal Age
18:13 Castle Age
19:45 Wheelbarrow
21:29 Stone Mining
21:39 Double-Bit Axe
28:04 Forging
28:10 Fortified Wall
28:42 Pikeman
29:27 Murder Holes
30:17 Bloodlines
31:31 Scale Mail Armor
32:35 Squires
38:24 Imperial Age
36:52 Hand Cart
37:52 Iron Casting
37:33 Chain Mail Armor
38:37 Ballistas
40:29 Conscription
41:45 Halberdier
42:57 Heavy Scorpion
44:47 Ballistics
45:09 Man-at-Arms
46:54 Blast Furnace
46:37 Long Swordsman
48:10 Gold Mining
47:49 Legionary
49:26 Town Watch
51:05 Horse Collar
51:47 Bow Saw
vallejosepl
13:13 Feudal Age
12:00 Loom
16:12 Wheelbarrow
15:25 Town Watch
15:28 Horse Collar
15:50 Gold Mining
19:23 Scale Barding Armor
19:19 Scale Mail Armor
19:19 Padded Archer Armor
26:22 Arson
27:07 Fletching
27:28 Forging
30:28 Castle Age
34:22 Pikeman
35:03 Squires
36:57 Double-Bit Axe
38:09 Siphons
37:57 Guard Tower
40:45 Imperial Age
39:34 Stone Mining
40:08 Caravan
40:40 Coinage
41:32 Stone Shaft Mining
41:21 Hand Cart
41:10 Town Patrol
42:42 Chain Barding Armor
42:38 Chain Mail Armor
42:39 Leather Archer Armor
46:14 Chemistry
46:29 Bow Saw
46:47 Husbandry
46:09 Cavalier
49:28 Paladin
52:05 Guilds
52:52 Keep
56:25 Two-Man Saw
55:29 Heavy Plow
63:43 Onager
Macedonius
7:41 Loom
11:12 Feudal Age
13:45 Wheelbarrow
13:41 Double-Bit Axe
19:55 Castle Age
19:09 Bloodlines
19:26 Scale Barding Armor
20:21 Gold Mining
26:40 Forging
27:23 Bow Saw
30:08 Chain Barding Armor
29:37 Town Watch
35:27 Light Cavalry
37:58 Hand Cart
38:36 Town Patrol
41:40 Imperial Age
39:22 Caravan
41:20 Iron Casting
42:20 Cavalier
43:01 Husbandry
42:22 Hussar
44:08 Blast Furnace
44:55 Conscription
44:46 Aznauri Cavalry
47:22 Plate Barding Armor
46:51 Scale Mail Armor
47:35 Padded Archer Armor
47:27 Fletching
48:18 Pikeman
48:59 Squires
48:45 Gambesons
49:11 Stone Mining
50:35 Chemistry
49:32 Elite Skirmisher
60:36 Horse Collar
63:07 Svan Towers
67:05 Heavy Plow
71:54 Arrowslits
72:22 Masonry
72:12 Bodkin Arrow
72:28 Treadmill Crane
Tonir
6:13 Loom
13:34 Feudal Age
15:43 Double-Bit Axe
15:39 Horse Collar
21:23 Fletching
23:46 Castle Age
21:56 Padded Archer Armor
23:26 Gold Mining
23:29 Stone Mining
24:17 Crossbowman
27:06 Ballistics
26:55 Heavy Plow
26:56 Bodkin Arrow
30:28 Murder Holes
30:45 Masonry
37:04 Scale Mail Armor
41:00 Leather Archer Armor
43:33 Chain Mail Armor
43:28 Forging
46:28 Bow Saw
49:43 Imperial Age
48:30 Thumb Ring
49:27 Gold Shaft Mining
50:02 Wheelbarrow
49:43 Forging
49:52 Arbalester
51:42 Bracer
53:27 Chemistry
55:46 Elite Shotel Warrior
56:26 Royal Heirs
60:33 Plate Mail Armor
60:34 Ring Archer Armor
60:40 Iron Casting
63:48 Torsion Engines
66:52 Elite Skirmisher
70:23 Halberdier
71:03 Squires
70:50 Arson
71:45 Hand Cart
71:15 Town Watch
72:17 Stone Shaft Mining
73:52 Blast Furnace
Connection lost

Rejoining the realm…

Still unreachable

The connection could not be restored.

Session expired

The server has moved on; the page needs a fresh start.